 Dungeon Crawl Stone Soup version 0.29.1-2-gbd0b4ee654 (webtiles) character file.

Game seed: 8616883571678676891

245 safid the Shooter (level 5, -2/48 HPs)
             Began as a Minotaur Hunter on Nov 1, 2022.
             Slain by a gnoll sergeant
             ... wielding a +0 spear
              (11 damage)
             ... on level 6 of the Dungeon.
             The game lasted 00:04:19 (3161 turns).

safid the Shooter (Minotaur Hunter)                 Turns: 3161, Time: 00:04:19

Health: -2/48      AC:  3    Str: 12 (15) XL:     5   Next: 83%
Magic:  4/4        EV: 12    Int:  4 (6)  God:
Gold:   212        SH:  0    Dex: 13 (16) Spells: 4/4 levels left

rFire   . . .      SeeInvis .   a - +0 shortbow
rCold   . . .      Faith    .   (shield currently unavailable)
rNeg    . . .      Spirit   .   c - +0 leather armour
rPois   .          Reflect  .   (helmet restricted)
rElec   .          Harm     .   (no cloak)
rCorr   .          Rampage  .   (no gloves)
Will    .....                   (no boots)
Stlth   +.........              (no amulet)
HPRegen 0.16/turn               (no ring)
MPRegen 0.09/turn               (no ring)

@: no status effects
A: horns 2, retaliatory headbutt
a: no special abilities


You were on level 6 of the Dungeon.
You visited 1 branch of the dungeon, and saw 5 of its levels.

You collected 212 gold pieces.

Inventory:

Hand Weapons
 a - a +0 shortbow (weapon)
Armour
 c - a +0 leather armour (worn)
Jewellery
 l - a ring of ice
 r - a ring of ice
Scrolls
 b - 2 scrolls of immolation
 d - a scroll of torment {unknown}
 e - 4 scrolls of identify {unknown}
 g - 5 scrolls of teleportation {unknown}
 h - a scroll of magic mapping {unknown}
 j - a scroll of noise {unknown}
 o - a scroll of poison {unknown}
 p - 2 scrolls of enchant weapon {unknown}
 q - a scroll of fog {unknown}
Potions
 f - a potion of ambrosia {unknown}
 i - a potion of heal wounds {unknown}
 k - a potion of curing
 n - a potion of flight {unknown}


   Skills:
 + Level 5.5 Fighting
 + Level 6.3 Ranged Weapons
 - Level 2.1 Dodging
 - Level 0.7 Stealth


You had 4 spell levels left.
You didn't know any spells.
Your spell library contained the following spells:

 Spells                   Type           Power      Damage    Failure   Level
 Sandblast                Erth           0%         2d4       58%         1
 Passwall                 Tmut/Erth      0%         N/A       73%         2
 Stone Arrow              Conj/Erth      0%         3d7       91%         3
 Freezing Cloud           Conj/Ice/Air   0%         6-21      100%        5
 Simulacrum               Ice/Necr       0%         N/A       100%        6
 Polar Vortex             Ice            0%         N/A       100%        9


Dungeon Overview and Level Annotations

Branches:
Dungeon (4/15)
 Temple: D:4-7

Altars:
Makhleb
Qazlal
Zin

Shops:
D:3 *


Innate Abilities, Weirdness & Mutations

You have a pair of horns on your head.
You reflexively headbutt those who attack you in melee.


Message History

You are too injured to fight recklessly!
You are too injured to fight recklessly!
You are too injured to fight recklessly!
Unknown command.
Fire: a) +0 shortbow
Press: ? - help, Q - select action Shift-Dir - straight line, f - gnoll sergeant
Aim: a gnoll sergeant, wielding a +0 spear, wearing a +0 ring mail and wearing a +0 kite shield (75% to hit)
You shoot an arrow. The gnoll sergeant blocks the arrow.
The gnoll sergeant barely misses you.
Fire: a) +0 shortbow
Press: ? - help, Q - select action Shift-Dir - straight line, f/p - gnoll sergeant
Aim: a gnoll sergeant, wielding a +0 spear, wearing a +0 ring mail and wearing a +0 kite shield (75% to hit)
You shoot an arrow. The arrow hits the gnoll sergeant.
The gnoll sergeant is lightly wounded.
The gnoll sergeant hits you from afar with a +0 spear!
* * * LOW HITPOINT WARNING * * *
Unknown command.
Fire: a) +0 shortbow
Press: ? - help, Q - select action Shift-Dir - straight line, f/p - gnoll sergeant
Aim: a gnoll sergeant, wielding a +0 spear, wearing a +0 ring mail and wearing a +0 kite shield (lightly wounded, 75% to hit)
You shoot an arrow.
The arrow hits the gnoll sergeant but does no damage.
The gnoll sergeant is lightly wounded.
The gnoll sergeant barely misses you.
Fire: a) +0 shortbow
Press: ? - help, Q - select action Shift-Dir - straight line, f/p - gnoll sergeant
Aim: a gnoll sergeant, wielding a +0 spear, wearing a +0 ring mail and wearing a +0 kite shield (lightly wounded, 75% to hit)
You shoot an arrow. The gnoll sergeant blocks the arrow.
The gnoll sergeant hits you from afar with a +0 spear!
* * * LOW HITPOINT WARNING * * *
Unknown command.
Unknown command.
It was a potion of curing.
You feel better.
The gnoll sergeant hits you from afar with a +0 spear.
* * * LOW HITPOINT WARNING * * *
It was a potion of degeneration.
There was something very wrong with that liquid.
You feel weakened.
You feel dopey.
You feel clumsy.
The gnoll sergeant hits you from afar with a +0 spear!
You die...

###### #....#
#....# #....# .
#....# ... #....#
....g###....######.
...ggg)@...........
....{###....######.
### #....# #....#
######


You could see a gnoll sergeant and 3 gnolls.

Vanquished Creatures
  An ogre (D:6)
  3 adders
  3 gnolls
  An ufetubus (D:6)
  2 worms (D:2)
  A dart slug (D:2)
  12 orcs
  4 bats
  5 endoplasms
  3 giant cockroaches
  5 goblins
  8 hobgoblins
  4 jackals
  4 quokkas
  6 ball pythons
  3 frilled lizards
  10 kobolds
  5 rats
80 creatures vanquished.

Notes
Turn   | Place    | Note
-------+----------+-------------------------------------------
     0 | D:1      | safid the Minotaur Hunter began the quest for the Orb.
     0 | D:1      | Reached XP level 1. HP: 18/18 MP: 0/0
   145 | D:1      | Reached XP level 2. HP: 26/26 MP: 1/1
   484 | D:1      | Reached skill level 5 in Ranged Weapons
   484 | D:1      | Reached XP level 3. HP: 31/31 MP: 2/2
  1192 | D:2      | Reached XP level 4. HP: 39/40 MP: 3/3
  1429 | D:2      | Found a faded altar of an unknown god.
  1694 | D:3      | Found a stormy altar of Qazlal.
  1721 | D:3      | HP: 1/41 [orc/+0 whip (6)]
  2085 | D:3      | Found Zin's Purification Station.
  2088 | D:3      | Found a glowing silver altar of Zin.
  2766 | D:4      | Reached XP level 5. HP: 36/47 MP: 4/4
  3080 | D:4      | Found a burning altar of Makhleb.
  3132 | D:4      | You fall into a shaft and drop 2 floors!
  3143 | D:6      | Noticed an ogre
  3153 | D:6      | Killed an ogre
  3154 | D:6      | Reached skill level 5 in Fighting
  3154 | D:6      | Reached skill level 6 in Ranged Weapons
  3161 | D:6      | Slain by a gnoll sergeant

Illustrated notes

Levels and vault maps discovered:
D:1:      ncdulo_halloftheorcs, layout_basic, minmay_tromino_v4_a
D:2:      layout_loops_cross, chequers_ecumenical_altar_simple,
          kennysheep_generic_room_14
D:3:      layout_basic, nicolae_qazlal_scattered_showers, zin_purify,
          minmay_circle_x
D:4:      corexii_shantytown, layout_basic, mainiacjoe_overflow_six_doors_small,
          kennysheep_mini_moat, serial_bayou_crossing
D:6:      minmay_spotlight, layout_basic, nicolae_elyvilon_peaceful_grove,
          gammafunk_temple_overflow_pools, minmay_temple_entry_trees,
          serial_shops, nicolae_shop_crystal, uniq_sigmund

Skill      XL: |  1  2  3  4  5 |
---------------+----------------+-----
Fighting       | 3 4 5 |  5.5
Ranged Weapons | 5 6 |  6.3
Dodging        | |  2.1
Stealth        | |  0.7

Action                   |  1- 3 |  4- 6 || total
-------------------------+-------+-------++-------
 Fire: Shortbow          |    82 |   143 ||   225
  Use: Potion            |       |     2 ||     2
Armor: Leather armour    |     4 |    11 ||    15
Dodge: Dodged            |    11 |    47 ||    58
